 Dungeon Crawl Stone Soup version 0.23-a0-269-g65e0026 (webtiles) character file.

21 mhoghedin the Ducker (level 2, -2/18 HPs)
             Began as a Tengu Gladiator on Sept 30, 2018.
             Slain by Terence
             ... wielding a +0 short sword
              (7 damage)
             ... on level 2 of the Dungeon.
             The game lasted 00:00:49 (608 turns).

mhoghedin the Ducker (Tengu Gladiator)               Turns: 608, Time: 00:00:50

Health: -2/18      AC:  3    Str: 14    XL:     2   Next: 83%
Magic:  2/2        EV: 13    Int:  8    God:
Gold:   42         SH:  0    Dex: 15    Spells: 1/1 levels left

rFire    . . .     SeeInvis .   a - +0 long sword
rCold    . . .     Gourm    .   (no shield)
rNeg     . . .     Faith    .   b - +0 leather armour
rPois    .         Spirit   .   c - +0 hat
rElec    .         Reflect  .   (no cloak)
rCorr    .         Harm     .   (no gloves)
MR       .....     Clarity  +   (boots unavailable)
Stlth    +.........             (no amulet)
HPRegen  0.06/turn              (no ring)
MPRegen  0.08/turn              (no ring)

@: no status effects
A: beak, talons 3, clarity, low mp 1, wild magic 1
a: no special abilities


You were on level 2 of the Dungeon.
You were not hungry.

You visited 1 branch of the dungeon, and saw 2 of its levels.

You collected 42 gold pieces.

Inventory:

Hand Weapons
 a - a +0 long sword (weapon)
Missiles
 d - 3 throwing nets {=f, !d}
Armour
 b - a +0 leather armour (worn)
 c - a +0 hat (worn)
Scrolls
 g - 2 scrolls of teleportation {unknown}
 h - 2 scrolls of fear {unknown}
 i - a scroll of magic mapping {unknown}
 j - a scroll of enchant weapon {unknown}
 l - a scroll of identify {unknown}
Potions
 e - a potion of haste {unknown}
 m - a potion of heal wounds {unknown}
Comestibles
 f - 5 rations


   Skills:
 + Level 2.4 Fighting
 + Level 3.6 Long Blades
 - Level 2.0 Throwing
 + Level 3.7 Dodging


You had one spell level left.
You didn't know any spells.
Your spell library was empty.

Dungeon Overview and Level Annotations

Branches:
Dungeon (2/15)

Altars:

Annotations:
D:2 Terence


Innate Abilities, Weirdness & Mutations

You have a beak for a mouth.
You have claws for feet.
You possess an exceptional clarity of mind.
Your magical capacity is low. (-10% MP)
Your spells are a little harder to cast, but a little more powerful.


Message History

There is a large open door here.
Done exploring.
Done exploring.
No target in view!
No target in view!
Done exploring.
(D) Dungeon
Where to? (? - help)
There is a large open door here.
There is a large open door here.
There is a stone staircase leading down here.
You climb downwards.
There is a stone staircase leading up here. 2 jackals come into view.
The jackal barks! x2
Found a stone staircase leading down.
There are monsters nearby!
You completely miss the jackal. The jackal bites you. x2
You take 3 damage, and have 15/18 hp.
You slash the jackal!
You kill the jackal!
The jackal bites you. The jackal closely misses you.
You take 1 damage, and have 14/18 hp.
You slash the jackal!
You kill the jackal!
No target in view!
You see here a jackal corpse.
There is a stone staircase leading down here.
There is a stone staircase leading up here.
A hobgoblin comes into view. It is wielding a club.
A hobgoblin is nearby!
The hobgoblin shouts!
The hobgoblin misses you.
You riposte.
You barely miss the hobgoblin. You claw the hobgoblin. You peck the hobgoblin.
You kill the hobgoblin!
No target in view!
No target in view!
Things that are here:
a club; a hobgoblin corpse
Found a stone staircase leading down.
Health restored: 18 No target in view!
No target in view!
No target in view!
A giant cockroach comes into view.
A giant cockroach is nearby!
You closely miss the giant cockroach. Your kick misses the giant cockroach.
The giant cockroach closely misses you.
You riposte.
You closely miss the giant cockroach. You claw the giant cockroach.
The giant cockroach bites you.
You take 2 damage, and have 16/18 hp.
You slash the giant cockroach!
You kill the giant cockroach!
No target in view!
You open the door.
A ball python comes into view.
There is an open door here.
A ball python is nearby!
The ball python hisses angrily.
The ball python closely misses you.
You riposte.
Your leather armour prevents you from hitting the ball python.
Your kick misses the ball python. The ball python barely misses you.
You hit the ball python.
You kill the ball python!
No target in view!
There is an open door here.
A sky beast comes into view.
The sky beast flickers out of sight!
Deactivating autopickup; reactivate with Ctrl-A.
No target in view!
There is an open door here.
You close the door.
Health restored: 18
There is a fountain of clear blue water here.
You open the door.
A leopard gecko comes into view.
There is an open door here.
Terence the Incautious comes into view.
He is wielding a short sword.
The leopard gecko hisses angrily.
You hit Terence. Your peck misses Terence. Terence closely misses you.
You riposte.
You closely miss Terence. You hit Terence. Your kick misses Terence.
Your peck misses Terence. Terence hits you with a short sword. x2
You take 8 damage, and have 10/18 hp.
MASSIVE DAMAGE!!
You barely miss Terence. Your peck misses Terence. Terence barely misses you.
You hit Terence but do no damage. You claw Terence, but do no damage.
Your peck misses Terence. Terence hits you with a short sword.
You take 5 damage, and have 6/18 hp.
MASSIVE DAMAGE!!
You hit Terence but do no damage. Your kick misses Terence.
Your peck misses Terence. Terence hits you with a short sword.
* * * LOW HITPOINT WARNING * * *
You take 1 damage, and have 5/18 hp.
Unknown command.
It was a potion of mutation.
You feel extremely strange.
You feel less energetic.
Your thoughts seem clearer.
You feel less in control of your magic. Terence hits you with a short sword!
You die...

#..##...##....###########
{.##..†##....## .
+.⌠.++....# ##...##..#
##...##. ##...## #.
##.⌠.# ##.
###..##'####.....
........@@l..#
######.###....?.. #.
.###### ## ##


You could see Terence and a leopard gecko.

Vanquished Creatures
  A dart slug (D:1)
  2 giant cockroaches
  A hobgoblin (D:2)
  4 jackals
  A ball python (D:2)
  2 bats (D:1)
  2 frilled lizards (D:1)
  4 kobolds (D:1)
  A rat (D:1)
18 creatures vanquished.

Notes
Turn   | Place    | Note
-------+----------+-------------------------------------------
     0 | D:1      | mhoghedin the Tengu Gladiator began the quest for the Orb.
     0 | D:1      | Reached XP level 1. HP: 12/12 MP: 2/2
   223 | D:1      | Reached XP level 2. HP: 15/17 MP: 3/3
   580 | D:2      | Noticed a sky beast
   599 | D:2      | Noticed Terence
   608 | D:2      | Gained mutation: Your magical capacity is low. (-10% MP)
                  | [potion of mutation]
   608 | D:2      | Gained mutation: You possess an exceptional clarity of
                  | mind. [potion of mutation]
   608 | D:2      | Gained mutation: Your spells are a little harder to cast,
                  | but a little more powerful. [potion of mutation]
   608 | D:2      | Slain by Terence

Vault maps used:
D:1:      tarquinn_simple_flora_water_d, serial_corexii_hall,
          corexii_hall_statues_u, corexii_hall_statues_l, fountainhead,
          minmay_misc_feat_pillars
D:2:      grunt_decor_arrowhead, serial_park_tiny_2, uniq_crazy_yiuf_cottage,
          uniq_terence

Action                   || total
-------------------------++-------
Melee: Long sword        ||    32
       Kick              ||    11
       Peck              ||     5
  Use: Potion            ||     1
Armor: Leather armour    ||     4
Dodge: Dodged            ||    27
       Rpst.: Long sword ||     9

Table legend:
 A = Non-vault XP
 B = Vault XP
 C = Vault XP percentage of total XP
 D = Non-vault monster count
 E = Vault monster count
 F = Vault count percentage of total count
                 A         B        C        D         E       F
            +---------+---------+-------+---------+---------+-------
      Total |      30 |       0 |   0.0 |      18 |       0 |   0.0
            +---------+---------+-------+---------+---------+-------
        D:1 |      21 |       0 |   0.0 |      13 |       0 |   0.0
        D:2 |       9 |       0 |   0.0 |       5 |       0 |   0.0
            +---------+---------+-------+---------+---------+-------

Vault maps used:
D:1:      tarquinn_simple_flora_water_d, serial_corexii_hall,
          corexii_hall_statues_u, corexii_hall_statues_l, fountainhead,
          minmay_misc_feat_pillars
D:2:      grunt_decor_arrowhead, serial_park_tiny_2, uniq_crazy_yiuf_cottage,
          uniq_terence

Table legend:
 A = Turns spent in this place as a percentage of turns spent in the entire game.
 B = Non-inter-level travel turns spent in this place as a percentage of non-inter-level travel turns spent in the entire game.
 C = Inter-level travel turns spent in this place as a percentage of turns spent in this place.
 D = Turns resting spent in this place as a percentage of non-inter-level travel turns spent in this place.
 E = Turns spent auto-exploring this place as a percentage of non-inter-level travel turns spent in this place.
 F = Non-inter-level travel turns spent in this place divided by the number of levels of this place that you've seen.
                   A       B       C       D       E      F
               +-------+-------+-------+-------+-------+----------------------
         Total | 100.0 | 100.0 |   1.6 |   0.0 |  81.3 | 299.0
       Dungeon | 100.0 | 100.0 |   1.6 |   0.0 |  81.3 | 299.0
               +-------+-------+-------+-------+-------+----------------------

Table legend:
 A = Kills in this place as a percentage of kills in entire the game.
 B = Kills by you in this place as a percentage of kills by you in the entire game.
 C = Kills by friends in this place as a percentage of kills by friends in the entire game.
 D = Other kills in this place as a percentage of other kills in the entire game.
 E = Experience gained in this place as a percentage of experience gained in the entire game.
 F = Experience gained in this place divided by the number of levels of this place that you have seen.
                   A       B       C       D       E      F
               +-------+-------+-------+-------+-------+----------------------
         Total | 100.0 | 100.0 |   N/A |   N/A | 100.0 |  15.0
       Dungeon | 100.0 | 100.0 |   N/A |   N/A | 100.0 |  15.0
               +-------+-------+-------+-------+-------+----------------------
